Map: Cyber Forest LE

Players

Smileblind - Winner!

  • Race: Protoss Protoss
  • League: Silver
  • Spawn Location: 11:00

VOD

Have the link to the VOD?

Description

Time

  • Played on: Feb. 4, 2019, 6:29 a.m.
  • Length: 26:02
Show
View Real Time Build Order
Export as new Build Order

Smileblind Protoss - Winner!

Build Orders:  

Get SALT Encoding   

  12  0:02  Probe (Chrono Boost)  
  13  0:13  Probe (Chrono Boost)  
  14  0:29  Pylon, Probe (Chrono Boost)  
  15  0:57  Probe (Chrono Boost)  
  16  1:03  Gateway  
  16  1:14  Probe (Chrono Boost)  
  18  1:31  Probe (Chrono Boost)  
  18  1:51  Assimilator  
  18  1:54  Probe (Chrono Boost)  
  19  2:03  Assimilator, Zealot  
  20  2:11  Probe (Chrono Boost)  
  22  2:21  Cybernetics Core  
  22  2:28  Probe (Chrono Boost)  
  23  2:43  Nexus  
  23  3:30  Probe (Chrono Boost)  
  23  3:54  Pylon  
  23  4:08  Pylon  
  23  4:13  Assimilator  
  23  4:16  Assimilator  
  23  4:19  Stalker  
  26  4:22  Probe (Chrono Boost)  
  26  4:25  Probe (Chrono Boost)  
  27  4:36  Probe (Chrono Boost)  
  27  4:39  Probe (Chrono Boost)  
  29  4:41  Stargate  
  29  4:49  Probe (Chrono Boost)  
  29  4:56  Probe (Chrono Boost)  
  29  4:59  Warp Gate  
  31  5:06  Probe (Chrono Boost)  
  32  5:13  Probe (Chrono Boost)  
  33  5:23  Probe (Chrono Boost)  
  33  5:29  Stargate, Probe (Chrono Boost)  
  35  5:37  Sentry  
  35  5:39  Pylon  
  38  5:40  Probe (Chrono Boost)  
  38  5:46  Probe (Chrono Boost)  
  39  5:51  Void Ray  
  39  5:52  Protoss Air Weapons Level 1  
  39  5:57  Probe (Chrono Boost)  
  44  6:14  Probe (Chrono Boost)  
  44  6:16  Forge  
  45  6:27  Shield Battery  
  46  6:31  Probe (Chrono Boost)  
  46  6:32  Shield Battery  
  46  6:33  Stalker  
  48  6:47  Void Ray  
  48  6:48  Probe (Chrono Boost)  
  53  7:03  Void Ray  
  57  7:14  Zealot  
  57  7:17  Probe (Chrono Boost)  
  60  7:26  Probe (Chrono Boost)  
  60  7:28  Probe (Chrono Boost)  
  62  7:49  Photon Cannon  
  62  7:55  Photon Cannon  
  62  7:59  Pylon  
  62  8:26  Probe x2 (Chrono Boost)  
  64  8:33  Protoss Air Armor Level 1, Pylon  
  64  8:37  Pylon, Void Ray  
  68  8:43  Probe x2 (Chrono Boost)  
  68  8:47  Pylon  
  70  8:50  Pylon  
  70  8:55  Pylon  
  70  8:58  Void Ray  
  74  9:17  Fleet Beacon  
  74  9:29  Gateway  
  74  9:47  Nexus  
  74  9:54  Void Ray  
  78  10:04  Assimilator  
  79  10:11  Probe (Chrono Boost)  
  79  10:23  Void Ray  
  83  10:45  Probe (Chrono Boost)  
  83  10:46  Probe (Chrono Boost)  
  86  11:01  Stalker  
  86  11:02  Probe (Chrono Boost)  
  86  11:03  Probe (Chrono Boost)  
  86  11:04  Protoss Air Weapons Level 2  
  86  11:05  Stalker  
  91  11:10  Gateway  
  91  11:14  Assimilator  
  91  11:19  Probe (Chrono Boost)  
  89  11:20  Probe (Chrono Boost)  
  83  11:36  Probe (Chrono Boost)  
  83  11:37  Probe (Chrono Boost)  
  83  11:47  Void Ray x2  
  91  11:53  Probe (Chrono Boost)  
  91  11:54  Probe (Chrono Boost)  
  93  12:32  Stalker  
  93  12:34  Pylon  
  93  12:36  Pylon  
  95  12:45  Stalker  
  95  12:47  Void Ray  
  95  12:49  Stalker  
  107  13:02  Shield Battery  
  107  13:03  Shield Battery  
  107  13:04  Shield Battery  
  107  13:09  Probe (Chrono Boost)  
  105  13:11  Probe (Chrono Boost)  
  105  13:18  Carrier  
  105  13:19  Carrier  
  93  13:26  Probe (Chrono Boost)  
  93  13:28  Probe (Chrono Boost)  
  83  13:43  Probe (Chrono Boost)  
  83  13:45  Probe (Chrono Boost)  
  89  13:55  Protoss Air Armor Level 2  
  89  14:28  Shield Battery  
  89  14:31  Probe (Chrono Boost)  
  89  14:32  Twilight Council  
  90  14:42  Probe (Chrono Boost)  
  90  14:48  Carrier x2  
  90  14:49  Shield Battery  
  91  14:54  Shield Battery  
  91  14:55  Probe (Chrono Boost)  
  92  15:01  Photon Cannon  
  92  15:06  Photon Cannon  
  92  15:12  Probe (Chrono Boost)  
  92  15:14  Photon Cannon  
  105  15:26  Photon Cannon  
  105  15:48  Stalker  
  105  15:49  Stalker  
  109  15:58  Nexus  
  109  16:01  Gateway  
  109  16:18  Carrier  
  109  16:35  Probe (Chrono Boost)  
  109  16:37  Unknown  
  110  16:48  Tempest  
  121  16:51  Protoss Air Weapons Level 3  
  121  17:12  Pylon  
  121  17:13  Pylon  
  121  17:15  Probe x2 (Chrono Boost)  
  121  17:16  Shield Battery  
  121  17:17  Shield Battery  
  121  17:18  Carrier  
  123  17:23  Stargate x2  
  123  17:26  Dark Shrine  
  123  17:29  Assimilator  
  124  17:32  Probe x2 (Chrono Boost)  
  124  17:36  Assimilator  
  125  17:46  Probe (Chrono Boost)  
  125  17:49  Probe x2 (Chrono Boost)  
  134  17:57  Probe (Chrono Boost)  
  134  17:59  Carrier  
  134  18:00  Carrier x2  
  134  18:06  Probe x2 (Chrono Boost)  
  137  18:10  Probe (Chrono Boost)  
  137  18:14  Shield Battery  
  138  18:26  Gateway  
  138  18:27  Gateway, Probe (Chrono Boost)  
  157  18:44  Probe (Chrono Boost)  
  158  18:54  Carrier  
  158  19:28  Protoss Ground Weapons Level 1  
  158  19:29  Carrier  
  164  19:41  Nexus  
  164  19:46  Carrier  
  170  20:05  Carrier  
  170  20:10  Pylon  
  170  20:24  Carrier  
  168  20:31  Protoss Air Armor Level 3  
  174  20:59  Carrier  
  180  21:16  Carrier  
  186  21:47  Dark Templar  
  186  21:48  Carrier  
  194  22:02  Carrier  
  194  22:07  Pylon  
  194  22:10  Pylon  
  194  22:13  Pylon  
  194  22:16  Pylon  
  194  22:19  Pylon  
  191  22:35  Charge  
Tags
 
Add a new tag
Caveats
  • Supply blocks, unpowered buildings, or Contaminate may cause inaccurate times.
  • Supply counts are checked every 10 seconds.